 Dungeon Crawl Stone Soup version 0.17-a0-2215-g49c1de0 (webtiles) character file.

118 tp1 the Conjurer (level 4, -18/36 HPs)
             Began as a Deep Elf Conjurer on Oct 27, 2015.
             Demolished by an orc wizard
             ... wielding a +2 dagger of electrocution
              (20 damage)
             ... on level 4 of the Dungeon.
             The game lasted 00:10:51 (4056 turns).

tp1 the Conjurer (Deep Elf Conjurer)                Turns: 4056, Time: 00:10:51

Health: -18/36     AC: 22    Str:  5    XL:     4   Next: 72%
Magic:  8/12       EV:  2    Int: 21    God:
Gold:   141        SH:  0    Dex: 15    Spells: 3 memorised, 5 levels left

rFire  . . .     SeeInvis .     k - +0 short sword
rCold  . . .     Clarity  .     (armour currently unavailable)
rNeg   + + +     SustAt   .     (no shield)
rPois  +         Gourm    .     (helmet currently unavailable)
rElec  .         Spirit   .     (cloak currently unavailable)
rCorr  .         Warding  .     (gloves currently unavailable)
rMut   .         NoTele   +     (boots currently unavailable)
MR     .....                    (no amulet)
Stlth  +++.......               (no ring)
                                (no ring)

@: tree-form, not resistant to hostile enchantments, fairly stealthy
A: no striking features
a: no special abilities


You were on level 4 of the Dungeon.
You were not hungry.
You were a tree.
You visited 1 branch of the dungeon, and saw 4 of its levels.

You collected 141 gold pieces.

Inventory:

Hand Weapons
 f - a +0 dagger
 k - a +0 short sword (weapon)
Armour
 a - a +0 robe
 d - a +0 leather armour (melded)
Wands
 r - a wand of teleportation (4)
Scrolls
 e - a scroll of immolation {unknown}
 g - 3 scrolls of identify {unknown}
 l - a scroll of fear {unknown}
 p - a scroll of recharging {unknown}
 q - a scroll of enchant weapon {unknown}
 s - 2 scrolls of remove curse {unknown}
 t - 3 scrolls of teleportation {unknown}
Potions
 o - a potion of poison {unknown}
 u - a potion of curing {unknown}
Books
 b - a book of Conjurations

   Spells                             Type                      Level
   a - Magic Dart                     Conjuration                  1
   b - Searing Ray                    Conjuration                  2
   c - Dazzling Spray                 Conjuration/Hexes            3
   d - Fulminant Prism                Conjuration/Hexes            4
   e - Iskenderun's Mystic Blast      Conjuration                  4
   f - Iskenderun's Battlesphere      Conjuration/Charms           5
Comestibles
 c - 4 bread rations
 h - 8 fruits
 j - a royal jelly
 n - a meat ration
 v - a chunk of flesh


   Skills:
 - Level 2.5 Dodging
 - Level 2.5 Stealth
 - Level 4.2 Spellcasting
 + Level 6.2 Conjurations


You had 5 spell levels left.
You knew the following spells:

 Your Spells              Type           Power        Failure   Level  Hunger
a - Magic Dart            Conj           ####         1%          1    None
b - Searing Ray           Conj           ####..       1%          2    #......
c - Dazzling Spray        Conj/Hex       ###.....     12%         3    ###....


Dungeon Overview and Level Annotations

Branches:
Dungeon (4/15)
 Temple: D:4-7

Altars:
Dithmenos
Fedhas
Qazlal
The Shining One

Annotations:
D:2 Sigmund


Message History

The searing ray hits the orc.
The orc is moderately wounded.
Something hits you.
The searing ray hits something.
You hear some strange, mumbled words.
A puff of flame appears from out of thin air!
The puff of flame hits you!
* * * LOW HITPOINT WARNING * * *
Drink which item? (? for menu, Esc to quit)
It was a potion of cancellation.
You feel magically purged.
You hear some strange, mumbled words.
Something tries to affect you, but you resist.
A giant gecko comes into view.
Drink which item? (? for menu, Esc to quit)
It was a potion of lignification.
You turn into a tree.
Your +0 leather armour melds into your body.
Your roots penetrate the ground.
Something hits you but does no damage.
You are electrocuted!
Ouch! That really hurt!
You die...

##.## .l. ... .o. .
#o# . #o# # #.### #{#
# ....# ##♣## # #.#.#
##...## # ##.#.#
##.....##
######..#.###.......#
..........##.........#
...........'.........+
####....#.##.........#
#.#.##.###.......##
#.##...# ##.....##


You could see 3 orcs and a giant gecko (wandering).

Vanquished Creatures
  An orc wizard (D:3)
  2 adders
  3 oozes
  A worm (D:3)
  3 giant geckos
  5 orcs (D:3)
  6 bats (D:1)
  5 hobgoblins
  2 jackals (D:1)
  3 kobolds
  2 quokkas
  A ball python (D:1)
  5 giant cockroaches
  5 giant newts
  7 goblins
  4 rats
55 creatures vanquished.

Notes
Turn   | Place    | Note
--------------------------------------------------------------
     0 | D:1      | tp1 the Deep Elf Conjurer began the quest for the Orb.
     0 | D:1      | Reached XP level 1. HP: 10/10 MP: 6/6
   225 | D:1      | Reached XP level 2. HP: 13/15 MP: 0/8
   305 | D:1      | Reached skill level 5 in Conjurations
   326 | D:1      | Learned a level 2 spell: Searing Ray
  1594 | D:2      | Reached XP level 3. HP: 19/19 MP: 6/10
  1736 | D:2      | Learned a level 3 spell: Dazzling Spray
  1760 | D:2      | Found a shadowy altar of Dithmenos.
  1779 | D:2      | Noticed Sigmund
  2054 | D:3      | Reached XP level 4. HP: 24/24 MP: 6/12
  2114 | D:3      | Found a stormy altar of Qazlal.
  2203 | D:3      | Found a glowing golden altar of the Shining One.
  2321 | D:3      | Found a blossoming altar of Fedhas.
  2553 | D:3      | Found a blossoming altar of Fedhas.
  2801 | D:3      | Found a stormy altar of Qazlal.
  2942 | D:3      | Found a glowing golden altar of the Shining One.
  3093 | D:3      | Reached skill level 6 in Conjurations
  3297 | D:3      | Found a blossoming altar of Fedhas.
  3570 | D:3      | Found a stormy altar of Qazlal.
  3667 | D:3      | Found a glowing golden altar of the Shining One.
  4054 | D:4      | HP: 1/24 [something/puff of flame (11)]
  4056 | D:4      | Demolished by an orc wizard

Vault maps used:
D:1:      grunt_arrival_lava_bath, st_stairs_3
D:2:      grunt_temple_overflow_opulence, lemuel_round_altar,
          fiery_altar_vehumet, uniq_sigmund
D:3:      grunt_qazlal_sundering, nicolae_overflow_hidden_temple, fedhas_altar_2
D:4:      minmay_door_path, first_bread

Action                   |  1- 3 |  4- 6 || total
-------------------------+-------+-------++-------
Melee: Dagger            |     3 |       ||     3
       Short sword       |     8 |     1 ||     9
 Cast: Magic Dart        |    71 |    33 ||   104
       Searing Ray       |     2 |     4 ||     6
  Use: Potion            |       |     2 ||     2
  Eat: Chunk             |     3 |     6 ||     9
